 Dungeon Crawl Stone Soup version 0.29.0-11-gd7f09526c8 (webtiles) character file.

Game seed: 15750715982801659234

79326 VictoriousLee the Scorcher (level 16, -4/96 (129) HPs)
             Began as a Meteoran Earth Elementalist on Sept 3, 2022.
             Was a Believer of Ashenzari.
             Killed from afar by an eleionoma (25 damage)
             ... with a spray of wooden splinters
             ... on level 1 of the Swamp.
             The game lasted 03:08:07 (12417 turns).

VictoriousLee the Scorcher (MeEE)                  Turns: 12417, Time: 03:08:08

HP:   -4/96 (129)   AC: 11    Str: 13    XL:     16   Next: 59%
MP:   7/31          EV:  9    Int: 34    God:    Ashenzari [**....]
Gold: 576           SH: 10    Dex: 14    Spells: 2/36 levels left

rFire   + . .      SeeInvis +   b - +7 captain's cutlass {speed, disarm}
rCold   + . .      Faith    .   N - +0 buckler "Tuevitt" {rCorr Int+5}
rNeg    . . .      Spirit   .   G - +4 robe "Bogruke" {*Slow Stlth+ Archmagi}
rPois   .          Reflect  +   (no helmet)
rElec   .          Harm     .   v - scarf of the Omniscient Sun {rC+ rF+, Bglg, Melee} (curse)
rCorr   +          Rampage  .   d - +2 pair of gloves of the Sublime Sage {Bglg, Self} (curse)
Will    ++...      Archmagi +   j - +0 pair of boots of the Fated Augurer {Bglg, Comp} (curse)
Stlth   +.........              C - amulet "Share My Dismay" {Reflect SH+5, Elem, Comp} (curse)
HPRegen 0.26/turn               W - ring of wizardry
MPRegen 0.22/turn               U - +6 ring of intelligence

@: grasped by roots, glowing, constricted, very heavily drained
A: sense surroundings 2, otherworldly, glowing, explore regen
a: Renounce Religion, Curse Item, Shatter the Chains


You were on level 1 of the Swamp.
You worshipped Ashenzari.
Ashenzari was pleased with you.
You visited 5 branches of the dungeon, and saw 22 of its levels.
You also visited: Sewer, Ossuary and Ice Cave.

You collected 2282 gold pieces.
You spent 1706 gold pieces at shops.

Inventory:

Hand Weapons
 b - the +7 captain's cutlass (weapon) {speed, disarm}
   (You found it in an ice cave)

   Attacks with this weapon are significantly faster.
   It may disarm weapon-wielding foes when striking them, dealing extra damage
   in the process.
 f - a +1 demon blade of freezing
 i - the +8 long sword of Trog's Esteem {vorpal, rPois}
   (You found it on level 10 of the Dungeon)

   It inflicts extra damage upon your enemies.
   rPois:     It protects you from poison.
Missiles
 t - a throwing net
 J - 3 atropa-tipped darts
 T - 6 boomerangs
Armour
 d - the cursed +2 pair of gloves of the Sublime Sage (worn) {Bglg, Self}
   (You found it on level 1 of the Dungeon)

   It has a curse which improves the following skills: Beguiling: Conjurations,
   Hexes and Translocations.
   Introspection: Fighting and Spellcasting.
 j - the cursed +0 pair of boots of the Fated Augurer (worn) {Bglg, Comp}
   (You found it on level 1 of the Dungeon)

   It has a curse which improves the following skills: Beguiling: Conjurations,
   Hexes and Translocations.
   Companions: Summonings and Necromancy.
 l - +0 ice dragon scales
 v - the cursed scarf of the Omniscient Sun (worn) {rC+ rF+, Bglg, Melee}
   (You found it on level 2 of the Dungeon)

   It has a curse which improves the following skills: Beguiling: Conjurations,
   Hexes and Translocations.
   Melee Combat: Short Blades, Long Blades, Axes, Maces & Flails, Polearms,
   Staves and Unarmed Combat.
 D - a +2 ring mail of positive energy
 E - the +2 leather armour "Xaakk" {*Slow rElec Str-2 Dex+8}
   (You found it on level 5 of the Dungeon)

   Str:       It affects your strength (-2).
   Dex:       It affects your dexterity (+8).
   rElec:     It insulates you from electricity.
   *Slow:     It may slow you when you take damage.
 G - the +4 robe "Bogruke" (worn) {*Slow Stlth+ Archmagi}
   (You found it on level 6 of the Dungeon)

   *Slow:     It may slow you when you take damage.
   Archmagi:  It increases the power of your magical spells.
   Stlth:     It makes you more stealthy.
 L - a +0 robe of cold resistance
 N - the +0 buckler "Tuevitt" (worn) {rCorr Int+5}
   (You acquired it on level 6 of the Dungeon)

   Int:       It affects your intelligence (+5).
   rCorr:     It protects you from acid and corrosion.
 Q - a +2 cloak of willpower
Magical Staves
 a - a staff of conjuration
Jewellery
 e - a ring of willpower
 C - the cursed amulet "Share My Dismay" (around neck) {Reflect SH+5, Elem, Comp}
   (You found it on level 4 of the Dungeon)

   [amulet of reflection]

   It reflects blocked missile attacks.
   SH:        It affects your SH (+5).
   It has a curse which improves the following skills: Elements: Fire Magic, Ice
   Magic, Air Magic and Earth Magic.
   Companions: Summonings and Necromancy.
 I - a ring of resist corrosion
 K - an amulet of regeneration
 M - a ring of willpower
 P - an amulet of reflection
 U - a +6 ring of intelligence (right hand)
 W - a ring of wizardry (left hand)
 Z - an amulet of magic regeneration
Wands
 y - a wand of flame (28)
 F - a wand of roots (11)
 S - a wand of mindburst (5)
 V - a wand of acid (3)
 X - a wand of polymorph (7)
Scrolls
 h - 8 scrolls of fear
 m - a scroll of silence
 q - 2 scrolls of blinking
 r - 9 scrolls of teleportation
 s - 7 scrolls of magic mapping
 w - a scroll of brand weapon
 A - a scroll of amnesia
 H - a scroll of enchant weapon
 R - a scroll of butterflies
 Y - 2 scrolls of summoning
Potions
 c - 4 potions of brilliance
 g - 6 potions of mutation
 k - 2 potions of attraction
 n - 3 potions of lignification
 o - 4 potions of ambrosia
 p - 10 potions of curing
 u - 3 potions of heal wounds
 x - a potion of resistance
 B - 2 potions of flight
 O - 5 potions of might
Miscellaneous
 z - a phantom mirror


   Skills:
 - Level 7.2(8.4) Fighting
 + Level 0.5(1.9) Short Blades
 - Level 2.5(3.6) Long Blades
 - Level 9.3(10.6) Maces & Flails
 - Level 6.0 Armour
 - Level 2.4 Dodging
 - Level 1.4 Stealth
 - Level 4.0 Shields
 - Level 9.3(10.5) Spellcasting
 - Level 15.2(17.6) Conjurations
 - Level 7.0(9.0) Summonings
 - Level 4.2(6.0) Necromancy
 - Level 1.2 Transmutations
 + Level 16.5(17.7) Fire Magic
 - Level 15.3(16.4) Earth Magic


You had 2 spell levels left.
You knew the following spells:

 Your Spells              Type           Power      Damage    Failure   Level
a - Iron Shot             Conj/Erth      58%        9d11      1%          6
c - Borgnjor's Vile Clut  Necr/Erth      48%        N/A       1%          5
d - Lehudib's Crystal Sp  Conj/Erth      58%        10d13     8%          8
p - Passwall              Tmut/Erth      72%        N/A       1%          2
q - Blink                 Tloc           60%        N/A       1%          2
s - Sticky Flame          Conj/Fire      100%       2d11      0%          4
z - Spellforged Servitor  Conj/Summ      52%        N/A       4%          7

Your spell library contained the following spells:

 Spells                   Type           Power      Damage    Failure   Level
 Magic Dart               Conj           100%       1d8       0%          1
 Sandblast                Erth           100%       2d20      0%          1
 Shock                    Conj/Air       100%       1d9       1%          1
 Call Imp                 Summ           87%        N/A       1%          2
 Conjure Flame            Conj/Fire      100%       6-21      0%          3
 Stone Arrow              Conj/Erth      100%       3d13      0%          3
 Ignite Poison            Fire/Tmut/Pois 74%        N/A       1%          3
 Mephitic Cloud           Conj/Pois/Air  72%        N/A       1%          3
 Animate Armour           Summ/Erth      100%       N/A       1%          4
 Animate Dead             Necr           73%        N/A       1%          4
 Petrify                  Tmut/Erth      87%        N/A       1%          4
 Iskenderun's Battlesphe  Conj           100%       2d15      1%          5
 Confusing Touch          Hex            30%        N/A       3%          3
 Lesser Beckoning         Tloc           30%        N/A       3%          3
 Portal Projectile        Hex/Tloc       60%        N/A       3%          3
 Swiftness                Air            28%        N/A       3%          3
 Tukima's Dance           Hex            30%        N/A       3%          3
 Airstrike                Air            14%        2d(2-18)  12%         4
 Death Channel            Necr           36%        N/A       16%         6
 Blade Hands              Tmut           19%        N/A       21%         5
 Yara's Violent Unravell  Hex/Tmut       17%        3d8       26%         5
 Manifold Assault         Tloc           30%        N/A       30%         5
 Fire Storm               Conj/Fire      59%        8d15      65%         9
 Shatter                  Erth           57%        3d43*     80%         9
 Enfeeble                 Hex            15%        N/A       100%        7
 Ozocubu's Refrigeration  Ice            14%        4d10      100%        7
 Chain Lightning          Conj/Air       43%        3d58      100%        9


Dungeon Overview and Level Annotations

Branches:
Dungeon (13/15) Zot: 484   Temple (1/1) D:4 Zot: 488    Lair (5/5) D:10 Zot: 138
  Swamp (1/4) Lair:2 Zot: 563  Spider (0/4) Lair:2        Slime (0/5) Lair:5
    Orc (2/2) D:9 Zot: 163     Elf (0/3) Orc:2         Sewer (visited)
Ossuary (visited)           IceCv (visited)
 Vaults: D:13-14

Altars:
Ashenzari
Cheibriados
Dithmenos
Elyvilon
Fedhas
Gozag
Hepliaklqana
Kikubaaqudgha
Makhleb
Nemelex Xobeh
Okawaru
Qazlal
Ru
Sif Muna
Trog
Uskayaw
Vehumet
Wu Jian
Xom
Yredelemnul
Zin
The Shining One

Shops:
D:1 (   Orc:1 **   Orc:2 ([:[=*(*(

Annotations:
D:8 1 transporter, Zenkrye's ghost, novice DjFE
D:9 1 transporter
D:11 2 transporters
D:13 Azrael


Innate Abilities, Weirdness & Mutations

You passively map the area around you.
You are easily found by Zot.
You glow in the dark.
You regain HP and MP as you explore.


Message History

The vampire mosquito misses you.
You block the vampire mosquito's attack.
The eleionoma struggles to escape constriction.
Roots burst forth from the earth!
The grasping roots grab you! The grasping roots constrict you!
* * * LOW HITPOINT WARNING * * *
Casting: Borgnjor's Vile Clutch (mildly dangerous; 1% risk of failure)
Confirm with . or Enter, or press ? or * to list all spells.
Aiming: Borgnjor's Vile Clutch (mildly dangerous; 1% risk of failure)
Press: ? - help, Shift-Dir - straight line, f - shambling mangrove
Aim: a shambling mangrove (100% to hit)
You feel a surge of power!
Zombie hands grab the vampire mosquito.
Zombie hands grab the shambling mangrove.
You feel stable enough to blink again.
The zombie hands constrict the eleionoma!
The zombie hands constrict the vampire mosquito.
The zombie hands constrict the shambling mangrove!
The vampire mosquito barely misses you.
You block the vampire mosquito's attack.
Your spellforged servitor casts a spell at the vampire mosquito.
The crystal spear hits the vampire mosquito!!!
The vampire mosquito is destroyed!
The vampire mosquito bites you but does no damage.
The eleionoma hurls a spray of splinters at you.
The spray of wooden splinters hits you!
* * * LOW HITPOINT WARNING * * *
You feel much better.
The zombie hands constrict the eleionoma!
The zombie hands constrict the vampire mosquito!
The zombie hands constrict the shambling mangrove.
The vampire mosquito bites you.
* * * LOW HITPOINT WARNING * * *
The vampire mosquito draws strength from your injuries!
The shambling mangrove struggles to escape constriction.
The grasping roots constrict you.
The eleionoma hurls a spray of splinters at you.
The spray of wooden splinters hits you!!
You die...

≈≈...~~§~~.♣ * * ~ , ~
≈..~...~§~.♣♣♣♣ * , ~
≈....~........♣♣ * ,
~~.~~..~~..~~~.♣♣ ~ *,
~~~..~~~~~.~~~~.♣♣,~ ~
* * ~
~~~.~.~~~~~~....~♣ ~ ~
, §~...§.~~~~~>♣♣♣♣♣
~,, *~~
~~.....~~~~~†.♣~~♣♣ . *
~..~~..~~~~...R.@~♣.~.
~..~~~.~~~...9††y.~...♣
~~§..♣♣♣....~..~♣♣♣ ~
~~~.♣ ♣.~~~..~♣♣ ~~~~.
♣♣~~~f.§♣ , ~~~~
.§~~..♣♣ , ~ ~~
~.....§♣ * ~
*♣>.§~~~...§ , ~ ,,,
♣.~~~~....~~


You could see a shambling mangrove (clutched), an eleionoma (clutched), a
vampire mosquito (clutched, ally target) and a friendly spellforged servitor
(summoned).

Vanquished Creatures
  A white draconian (IceCv)
  An ettin (Orc:2)
  A fire dragon (Lair:5)
  4 hydras
  5 boulder beetles
  A centaur warrior (D:12)
  2 two-headed ogres (D:11)
  A tengu warrior (D:11)
  17 death yaks
  4 orc high priests (Orc:2)
  2 bog bodies (Lair:2)
  A lindwurm (Lair:5)
  A will-o-the-wisp (Swamp:1)
  17 elephants
  2 cyclopes
  3 black mambas
  5 torpor snails (Lair:5)
  2 ice statues (IceCv)
  Joseph (D:7)
  Maurice (D:11)
  9 cane toads
  2 gargoyles
  5 komodo dragons
  6 rime drakes
  2 trolls
  10 blink frogs
  4 tyrant leeches (Lair:5)
  8 hornets
  A polar bear (Lair:4)
  8 dream sheep
  Prince Ribbit (D:8)
  A shadow (D:11)
  62 yaks
  5 basilisks
  Eustachio (D:6)
  5 wyverns
  A wraith (D:10)
  4 steam dragons
  5 vampire mosquitoes
  A swamp worm (Lair:2)
  7 wargs
  An acid dragon (D:10)
  Duvessa (D:7)
  8 orc warriors
  10 water moccasins
  2 hell hounds
  Pargi (Sewer)
  4 black bears
  2 sky beasts
  2 ogres (Orc:1)
  2 ice beasts
  5 wolves
  10 centaurs
  A phantom (D:7)
  A kobold brigand (D:10)
  10 bullfrogs
  3 gnoll sergeants
  14 scorpions
  8 wights
  Dowan (D:7)
  4 lindwurm simulacra (IceCv)
  6 killer bees (D:9)
  3 electric eels
  5 howler monkeys
  3 human zombies (Ossuary)
  2 centaur zombies (Ossuary)
  3 komodo dragon simulacra (IceCv)
  5 hounds
  A gnoll bouda (D:6)
  5 jellies
  18 orc priests
  3 iguanas
  15 orc wizards
  5 scorpion zombies (Ossuary)
  3 mummies (Ossuary)
  11 adders
  19 gnolls
  4 acid dragon simulacra (IceCv)
  A river rat (D:5)
  2 white imps
  10 steam dragon simulacra (IceCv)
  3 worms
  3 dart slugs
  67 orcs
  5 bats
  4 endoplasms
  3 giant cockroaches
  5 goblins
  5 hobgoblins
  7 jackals
  9 kobolds
  3 quokkas
  5 ball pythons
  3 frilled lizards
  2 gnoll zombies (Ossuary)
  3 goblin zombies (Ossuary)
  3 hobgoblin zombies (Ossuary)
  2 kobold zombies (Ossuary)
  An orc zombie (Ossuary)
  7 rats
574 creatures vanquished.

Vanquished Creatures (collateral kills)
  A boulder beetle (D:13)
  3 two-headed ogres (Orc:2)
  5 orc high priests (Orc:2)
  3 orc knights (Orc:2)
  A deep elf pyromancer (D:12)
  2 cyclopes
  An ugly thing (D:12)
  A gargoyle (D:12)
  An efreet (D:13)
  3 trolls (Orc:2)
  A nameless horror (Orc:2)
  7 vampire mosquitoes
  A warg (Orc:2)
  A swamp worm (Lair:2)
  2 hell hounds (D:13)
  2 orc warriors (Orc:2)
  An ogre (Orc:2)
  An electric eel (Lair:2)
  8 orc priests (Orc:2)
  3 orc wizards
  12 orcs (Orc:2)
60 creatures vanquished.

Vanquished Creatures (others)
  24 fungi
  40 plants
64 creatures vanquished.

Grand Total: 698 creatures vanquished

Notes
Turn   | Place    | Note
-------+----------+-------------------------------------------
     0 | D:1      | VictoriousLee the Meteoran Earth Elementalist began the
                  | quest for the Orb.
     0 | D:1      | Reached XP level 1. HP: 14/14 MP: 5/5
   140 | D:1      | Reached XP level 2. HP: 20/20 MP: 4/6
   324 | D:1      | Found Bucli's Antique Weapon Shoppe.
   326 | D:1      | Reached XP level 3. HP: 26/26 MP: 6/8
   473 | D:2      | Reached skill level 5 in Earth Magic
   483 | D:2      | Found an ancient bone altar of Kikubaaqudgha.
   647 | D:2      | Reached XP level 4. HP: 33/33 MP: 7/9
   732 | D:2      | Learned a level 3 spell: Stone Arrow
   832 | D:2      | Reached skill level 1 in Conjurations
   964 | D:3      | Reached XP level 5. HP: 31/38 MP: 6/10
  1051 | D:3      | Identified the +3 whip of Ixteucw {protect, *Slow rElec
                  | Str+3}
  1089 | D:3      | Reached XP level 6. HP: 12/45 MP: 4/11
  1460 | D:3      | Learned a level 2 spell: Passwall
  1817 | D:4      | Found a staircase to the Ecumenical Temple.
  1825 | Temple   | Entered the Ecumenical Temple
  1925 | Temple   | Became a worshipper of Ashenzari the Shackled
  1986 | D:4      | Noticed a black bear
  1991 | D:4      | Killed a black bear
  1992 | D:4      | Reached skill level 1 in Maces & Flails
  1992 | D:4      | Reached XP level 7. HP: 39/50 MP: 1/12
  2167 | D:5      | Entered Level 5 of the Dungeon
  2191 | D:5      | Identified the +2 leather armour "Xaakk" {*Slow rElec Str-2
                  | Dex+8}
  2217 | D:5      | Reached skill level 5 in Conjurations
  2231 | D:5      | Noticed a water moccasin
  2236 | D:5      | Killed a water moccasin
  2302 | D:5      | Reached XP level 8. HP: 57/57 MP: 10/13
  2322 | D:5      | Found a glowing drain.
  2329 | Sewer    | Entered a sewer
  2392 | Sewer    | Noticed Pargi
  2404 | Sewer    | Killed Pargi
  2687 | D:5      | Reached * piety under Ashenzari
  2715 | D:5      | Found a radiant altar of Vehumet.
  2781 | D:6      | Found an opulent altar of Gozag.
  2781 | D:6      | Identified the +4 robe "Bogruke" {*Slow Stlth+ Archmagi}
  2794 | D:6      | Noticed a steam dragon
  2809 | D:6      | Killed a steam dragon
  2810 | D:6      | Reached skill level 5 in Maces & Flails
  2810 | D:6      | Gained mutation: You passively map the area around you.
                  | [Meteoran growth]
  2810 | D:6      | Reached XP level 9. HP: 55/62 MP: 4/14
  2857 | D:6      | Noticed Eustachio
  3133 | D:6      | Killed Eustachio
  3187 | D:6      | Found an iron altar of Okawaru.
  3233 | D:6      | Identified a scroll of acquirement
  3238 | D:6      | Acquired the +0 buckler "Tuevitt" {rCorr Int+5}
  3312 | D:7      | Reached skill level 1 in Shields
  3340 | D:7      | Found a sand-covered staircase.
  3348 | Ossuary  | Entered an ossuary
  3385 | Ossuary  | Reached skill level 1 in Fighting
  3385 | Ossuary  | Reached skill level 5 in Spellcasting
  3385 | Ossuary  | Reached XP level 10. HP: 71/71 MP: 10/18
  3540 | Ossuary  | Reached ** piety under Ashenzari
  3863 | D:7      | Noticed Dowan
  3864 | D:7      | Noticed Duvessa
  3868 | D:7      | Killed Dowan
  3876 | D:7      | Killed Duvessa
  3916 | D:7      | Found a hazy altar of Hepliaklqana.
  3916 | D:7      | Found a stormy altar of Qazlal.
  4025 | D:7      | Reached skill level 5 in Fighting
  4092 | D:7      | Noticed Joseph
  4097 | D:7      | Killed Joseph
  4237 | D:8      | Found an ancient bone altar of Kikubaaqudgha.
  4248 | D:8      | Noticed Prince Ribbit
  4255 | D:8      | Killed Prince Ribbit
  4256 | D:8      | Reached XP level 11. HP: 53/89 MP: 15/24
  4264 | D:8      | Identified the +9 spear "Foeduse" {vamp, Str+3}
  4273 | D:8      | Found a transporter.
  4273 | D:8      | Noticed a death knight
  4396 | D:8      | Learned a level 5 spell: Borgnjor's Vile Clutch
  4413 | D:8      | Reached skill level 2 in Fire Magic
  4456 | D:8      | Reached skill level 3 in Fire Magic
  4457 | D:8      | Reached skill level 4 in Fire Magic
  4465 | D:8      | Reached skill level 5 in Fire Magic
  4622 | D:8      | Noticed Zenkrye's ghost (novice DjFE)
  4688 | D:9      | Found a staircase to the Orcish Mines.
  4722 | D:9      | Reached skill level 1 in Necromancy
  4745 | D:9      | Reached skill level 6 in Fire Magic
  4815 | D:9      | Found a blossoming altar of Fedhas.
  4924 | D:9      | Found a transporter.
  5256 | D:9      | Learned a level 2 spell: Blink
  5261 | D:9      | Learned a level 4 spell: Sticky Flame
  5263 | D:10     | Entered Level 10 of the Dungeon
  5266 | D:10     | Reached skill level 7 in Fire Magic
  5312 | D:10     | Reached XP level 12. HP: 98/100 MP: 20/26
  5316 | D:10     | Reached skill level 8 in Fire Magic
  5441 | D:10     | Found a snail-covered altar of Cheibriados.
  5455 | D:10     | Found a staircase to the Lair.
  5472 | D:10     | Reached skill level 9 in Fire Magic
  5546 | D:10     | Reached skill level 10 in Fire Magic
  5558 | D:10     | Found a shadowy altar of Dithmenos.
  5585 | D:10     | Identified the +8 long sword of Trog's Esteem {vorpal,
                  | rPois}
  5859 | D:11     | Found a frozen archway.
  5882 | D:11     | Noticed a two-headed ogre
  5890 | D:11     | Killed a two-headed ogre
  5923 | IceCv    | Entered an ice cave
  5956 | IceCv    | Found the +7 captain's cutlass {speed, disarm}
  6197 | IceCv    | Reached skill level 11 in Fire Magic
  6281 | IceCv    | Noticed a white draconian
  6292 | IceCv    | Reached skill level 10 in Conjurations
  6307 | IceCv    | Killed a white draconian
  6409 | IceCv    | Glimpsed the power of Zot.
  6483 | D:11     | Noticed Maurice
  6492 | D:11     | Killed Maurice
  6518 | D:11     | Noticed a tengu warrior
  6523 | D:11     | Killed a tengu warrior
  6524 | D:11     | Reached XP level 13. HP: 108/108 MP: 23/28
  6661 | D:11     | Reached skill level 12 in Fire Magic
  6808 | D:11     | Noticed a boulder beetle
  6810 | D:11     | Found a transporter.
  6811 | D:11     | Noticed a boulder beetle
  6812 | D:11     | Found a transporter.
  6813 | D:11     | Noticed a boulder beetle
  6828 | D:11     | Killed a boulder beetle
  6851 | D:11     | Noticed a two-headed ogre
  6856 | D:11     | Killed a two-headed ogre
  7054 | D:12     | Noticed a boulder beetle
  7068 | D:12     | Killed a boulder beetle
  7069 | D:12     | Reached skill level 1 in Armour
  7150 | D:12     | Noticed a boulder beetle
  7248 | D:12     | Killed a boulder beetle
  7343 | Lair:1   | Entered Level 1 of the Lair of Beasts
  7542 | Lair:1   | Reached skill level 5 in Armour
  7617 | Lair:1   | Reached skill level 1 in Long Blades
  7627 | Lair:1   | Learned a level 4 spell: Animate Armour
  7746 | Lair:2   | Learned a level 8 spell: Lehudib's Crystal Spear
  7835 | Lair:2   | Found a hole to the Spider Nest.
  7920 | Lair:2   | Reached skill level 10 in Earth Magic
  7940 | Lair:2   | Noticed a death yak
  7940 | Lair:2   | Noticed a death yak
  7942 | Lair:2   | Noticed a death yak
  7955 | Lair:2   | Noticed a death yak
  7955 | Lair:2   | Noticed a death yak
  7958 | Lair:2   | Killed a death yak
  7983 | Lair:2   | Killed a death yak
  7994 | Lair:2   | Killed a death yak
  7996 | Lair:2   | Killed a death yak
  8034 | Lair:2   | Killed a death yak
  8035 | Lair:2   | Reached XP level 14. HP: 84/116 MP: 2/29
  8268 | Lair:3   | Identified the Compendium of Jinxing and the Winter
  9038 | Lair:4   | Reached skill level 15 in Earth Magic
  9207 | Lair:4   | Reached XP level 15. HP: 108/123 MP: 30/30
  9490 | Lair:5   | Entered Level 5 of the Lair of Beasts
  9547 | Lair:5   | Identified the +7 chain mail of Sin {Fly Str-5 Slay-4
                  | Stlth+}
  9624 | Lair:5   | Reached skill level 13 in Fire Magic
  9984 | Lair:5   | Found a runed translucent door.
 10068 | Lair:5   | Reached skill level 14 in Fire Magic
 10144 | Lair:5   | Reached skill level 15 in Conjurations
 10146 | Lair:5   | Paralysed by a hornet for 2 turns
 10247 | Lair:4   | Glimpsed the power of Zot.
 10297 | Lair:3   | Glimpsed the power of Zot.
 10388 | Orc:1    | Entered Level 1 of the Orcish Mines
 10493 | Orc:1    | Found Geatain's General Store.
 10495 | Orc:1    | Found Debuah's Specific Store.
 10561 | Orc:2    | Entered Level 2 of the Orcish Mines
 10561 | Orc:2    | Found Hupax's Armour Boutique.
 10598 | Orc:2    | Found Magguleg's Book Shoppe.
 10601 | Orc:2    | Bought a book of Power for 588 gold pieces
 10604 | Orc:2    | Found a staircase to the Elven Halls.
 10608 | Orc:2    | Found Wiblesoff's Weapon Boutique.
 10634 | Orc:2    | Learned a level 7 spell: Spellforged Servitor
 10668 | Orc:2    | Reached skill level 1 in Summonings
 10948 | Orc:2    | Found Xumylewu's Weapon Shoppe.
 10955 | Orc:2    | Reached skill level 5 in Summonings
 10959 | Orc:2    | Bought a +1 demon blade of freezing for 442 gold pieces
 10994 | Orc:2    | Reached XP level 16. HP: 129/129 MP: 19/31
 10996 | Orc:2    | Found Uddirhicu's General Store.
 11004 | Orc:2    | Bought a scroll of acquirement for 676 gold pieces
 11004 | Orc:2    | Acquired a staff of conjuration
 11015 | Orc:2    | Found Duqulem's Assorted Antiques.
 11046 | Orc:2    | Found Omips's Antique Weapon Shoppe.
 11119 | Orc:2    | Reached skill level 15 in Fire Magic
 11278 | Orc:2    | Found Cuzoc's Jewellery Shoppe.
 11278 | Orc:2    | Found Neygaliq's Armour Shop.
 11390 | Orc:2    | Learned a level 6 spell: Iron Shot
 11894 | D:13     | Reached skill level 16 in Fire Magic
 11928 | D:13     | Noticed Azrael
 12311 | Lair:1   | Glimpsed the power of Zot.
 12321 | Lair:1   | Touched by the power of Zot.
 12371 | Lair:2   | Found a staircase to the Swamp.
 12384 | Swamp:1  | Entered Level 1 of the Swamp
 12417 | Swamp:1  | Killed from afar by an eleionoma

Illustrated notes

Levels and vault maps discovered:
D:1:      eino_arrival_cavern_a, layout_basic, serial_shops, shop
D:2:      layout_loops_cross, basic_altar
D:3:      layout_basic
D:4:      layout_loops_corners, minmay_temple_entry_mist
D:5:      layout_basic, lemuel_round_altar, lightli_sewer_entry_pipes
D:6:      layout_rooms, okawaru_trees_2, old_standard_altar,
          dreamdust_gnoll_farm, uniq_eustachio
D:7:      wad_river_or_something, layout_cave_pools, minitemple,
          enter_ossuary_1, minmay_misc_feat_enclosed, uniq_joseph, uniq_duvessa
D:8:      kennysheep_spiral_hall, layout_cave_pools, kennysheep_mini_moat,
          gammafunk_ghost_arena, minmay_fractal_squares_gapless_5,
          uniq_prince_ribbit1
D:9:      layout_irregular_city, fedhas_altar_4, orc_0_dummy, kennysheep_path_1,
          nicolae_diode_basic
D:10:     layout_loops_ring, nicolae_dithmenos_shadow_blocks,
          mainiacjoe_overflow_paths, david_lair_generic, minmay_door_square
D:11:     gammafunk_boulding_lane, layout_irregular_city,
          portal_ice_cave_entry_pillars_2, dk_noncrumbling_3, hex_tiny,
          uniq_maurice
D:12:     layout_gridville, st_stairs_12, roderic_serpentine_path, drop_trap,
          dk_noncrumbling_4
D:13:     layout_big_octagon, uniq_josephine, uniq_azrael
Temple:   hellmonk_temple_forest_ring
Lair:1:   layout_regular_city, serial_bayou_shore_a, grunt_megastairs_1,
          infiniplex_staircase_pool_2
Lair:2:   layout_cave_shapes, nicolae_swamp_entry_splash_gauntlet,
          dummy_spider_entry, grunt_megastairs_2
Lair:3:   layout_loops_ring
Lair:4:   layout_roguey, chequers_serial_rivers_small_b, beast_lair_carwin_7
Lair:5:   wormcave, layout_cave_pods, hangedman_lair_caniforms_friends,
          dpeg_slime_entry_corner, grunt_megastairs_5, lemuel_fruit_tree
Swamp:1:  layout_basic_swamp, evilmike_swamp_ruin_rubble_2,
          infiniplex_staircase_pool
Orc:1:    layout_caves, serial_shops, nicolae_specific_store
Orc:2:    st_orc_town, layout_caves, serial_shops, nicolae_shop_behind_doors,
          shop, nicolae_shop_bloodbath_and_beyond, shop, shop,
          hellmonk_guarded_unrand_dark_maul

Skill      XL: |  1  2  3  4  5  6  7  8  9 10 11 12 13 14 15 16 |
---------------+-------------------------------------------------+-----
Earth Magic    | 4 5 6 7 8 9 11 15 | 15.3
Conjurations   | 1 3 4 6 7 8 10 11 13 15 | 15.2
Maces & Flails | 1 3 5 7 8 9 |  9.3
Spellcasting   | 5 8 9 |  9.3
Shields        | 2 4 |  4.0
Fighting       | 1 5 7 |  7.2
Fire Magic     | 7 11 12 14 16 | 16.5
Necromancy     | 3 4 |  4.2
Armour         | 6 |  6.0
Long Blades    | 2 |  2.5
Summonings     | 5 7 |  7.0
Short Blades   | |  0.5
Dodging        | |  2.4
Stealth        | |  1.4
Transmutations | |  1.2

Action                   |  1- 3 |  4- 6 |  7- 9 | 10-12 | 13-15 | 16-18 || total
-------------------------+-------+-------+-------+-------+-------+-------++-------
Melee: Club              |     3 |       |       |       |       |       ||     3
       Mace              |    32 |    14 |       |       |       |       ||    46
       Whip              |       |    19 |    31 |    13 |       |       ||    63
       Spear             |       |       |       |    62 |    28 |       ||    90
       Cutlass           |       |       |       |     2 |   192 |    25 ||   219
       Staff             |       |       |       |       |    26 |       ||    26
 Cast: Sandblast         |    27 |    34 |    88 |   150 |    10 |       ||   309
       Stone Arrow       |       |    10 |    31 |   100 |    58 |     3 ||   202
       Borgnjor's Vile C |       |       |       |    39 |   171 |    42 ||   252
       Passwall          |       |       |       |     2 |     3 |     2 ||     7
       Sticky Flame      |       |       |       |     1 |    23 |     4 ||    28
       Animate Armour    |       |       |       |       |     4 |       ||     4
       Blink             |       |       |       |       |     1 |     1 ||     2
       Spellforged Servi |       |       |       |       |     6 |    16 ||    22
       Lehudib's Crystal |       |       |       |       |     4 |     1 ||     5
       Iron Shot         |       |       |       |       |       |     5 ||     5
Invok: Curse Item        |       |       |     2 |     2 |     1 |       ||     5
       Shatter the Chain |       |       |       |     1 |       |       ||     1
Evoke: Wand              |       |       |       |     1 |     3 |       ||     4
  Use: Scroll            |       |     7 |     2 |     3 |     4 |     4 ||    20
       Potion            |       |       |       |     7 |     5 |     1 ||    13
Armor: Robe              |    25 |    34 |    31 |    41 |   111 |    28 ||   270
Dodge: Dodged            |    36 |    34 |    50 |    93 |   161 |    30 ||   404
Block: Other             |       |     1 |    22 |       |       |       ||    23
       Reflection        |       |       |     5 |     7 |     2 |     7 ||    21
       Buckler           |       |       |     1 |   107 |   162 |    40 ||   310
